 Dungeon Crawl Stone Soup version 0.20.2-3-g29329e0561 (webtiles) character file.

532 Alfie the Shield-Bearer (level 7, -3/60 HPs)
             Began as a Hill Orc Fighter on Feb 15, 2024.
             Slain by an ogre
             ... wielding a +0 giant spiked club
              (5 damage)
             ... on level 4 of the Dungeon.
             The game lasted 00:05:34 (1834 turns).

Alfie the Shield-Bearer (Hill Orc Fighter)          Turns: 1834, Time: 00:05:35

Health: -3/60      AC:  7    Str: 21    XL:     7   Next: 24%
Magic:  7/7        EV:  8    Int:  8    God:
Gold:   117        SH: 10    Dex: 10    Spells: 6/6 levels left

rFire    . . .     SeeInvis .   a - +0 rapier
rCold    . . .     Gourm    .   c - +0 shield
rNeg     . . .     Faith    .   b - +0 scale mail
rPois    .         Spirit   .   (no helmet)
rElec    .         Reflect  .   (no cloak)
rCorr    .         Harm     .   (no gloves)
MR       .....                  (no boots)
Stlth    ..........             (no amulet)
Regen    0.2/turn               v - ring of flight
MPRegen  0.1/turn               (no ring)

@: no status effects
A: no striking features
a: Evoke Flight


You were on level 4 of the Dungeon.
You were not hungry.

You visited 1 branch of the dungeon, and saw 4 of its levels.

You collected 117 gold pieces.

Inventory:

Hand Weapons
 a - a +0 rapier (weapon)
Armour
 b - a +0 scale mail (worn)
 c - a +0 shield (worn)
Jewellery
 v - a ring of flight (left hand)
Wands
 q - a wand of digging (10/24)
Scrolls
 e - a scroll of teleportation {unknown}
 g - a scroll of magic mapping {unknown}
 j - a scroll of enchant weapon {unknown}
 l - 2 scrolls of remove curse
 m - 4 scrolls of identify {unknown}
 w - a scroll of enchant armour {unknown}
 x - a scroll of amnesia {unknown}
Potions
 d - a potion of haste {unknown}
 h - a potion of resistance {unknown}
 i - a potion of brilliance {unknown}
 n - a potion of magic {unknown}
 o - a potion of invisibility {unknown}
 p - a potion of might
 r - a potion of ambrosia {unknown}
 s - a potion of curing {unknown}
 t - a potion of degeneration {unknown}
 u - 2 potions of heal wounds {unknown}
 z - a potion of flight {unknown}
Comestibles
 f - 2 bread rations
 k - 3 meat rations


   Skills:
 + Level 4.8 Fighting
 + Level 4.6 Short Blades
 + Level 4.9 Armour
 + Level 1.4 Dodging
 + Level 0.1 Stealth
 + Level 5.2 Shields


You had 6 spell levels left.
You didn't know any spells.

Dungeon Overview and Level Annotations

Branches:
Dungeon (4/15)
 Temple: D:4-7

Altars:


Message History

You kill the quokka!
You hit the ogre.
The ogre is lightly wounded.
You block the ogre's attack.
You puncture the ogre!
The ogre is heavily wounded.
The ogre hits you with a giant spiked club!
* * * LOW HITPOINT WARNING * * *
You barely miss the ogre.
The ogre is heavily wounded.
You feel sick.
You are no longer poisoned.
A frilled lizard comes into view.
You barely miss the ogre.
The ogre is heavily wounded.
The ogre barely misses you.
You hit the ogre.
The ogre is severely wounded.
The ogre hits you with a giant spiked club.
You die...

### ..# #.# #.#
#.# #########.#
#..l..SZO@#
#...#...######
≈≈≈≈...#<........
≈.≈≈rPJ.#...#####.
≈≈≈.≈.P###.##
≈≈≈Sh≈♣ #.# ≈.≈P..
#.# .≈.≈≈♣ #.# #.#


You could see an ogre, an adder, a frilled lizard and an adder skeleton.

Vanquished Creatures
  Sigmund (D:2)
  A howler monkey (D:4)
  A hound (D:3)
  An orc wizard (D:3)
  Jessica (D:2)
  A worker ant (D:3)
  Natasha (thrice) (D:2)
  3 gnolls
  5 adders
  2 worms
  2 dart slugs (D:1)
  3 leopard geckos (D:2)
  10 orcs
  5 bats
  6 giant cockroaches
  2 goblins
  6 hobgoblins
  2 kobolds
  2 quokkas
  4 frilled lizards
  5 rats
66 creatures vanquished.

Vanquished Creatures (others)
  4 toadstools (D:1)
4 creatures vanquished.

Grand Total: 70 creatures vanquished

Notes
Turn   | Place    | Note
-------+----------+-------------------------------------------
     0 | D:1      | Alfie the Hill Orc Fighter began the quest for the Orb.
     0 | D:1      | Reached XP level 1. HP: 19/19 MP: 1/1
    77 | D:1      | Reached XP level 2. HP: 10/27 MP: 2/2
   317 | D:1      | Reached XP level 3. HP: 17/33 MP: 3/3
   628 | D:2      | Noticed Sigmund
   629 | D:2      | Noticed Jessica
   644 | D:2      | Killed Sigmund
   644 | D:2      | Reached skill level 4 in Shields
   644 | D:2      | Reached XP level 4. HP: 19/41 MP: 4/4
   644 | D:2      | Reached XP level 5. HP: 22/47 MP: 5/5
   655 | D:2      | Killed Jessica
   684 | D:2      | Reached XP level 6. HP: 28/53 MP: 6/6
   708 | D:2      | Noticed Natasha
   723 | D:2      | Killed Natasha
   988 | D:2      | Noticed Natasha
  1002 | D:2      | Killed Natasha
  1175 | D:2      | Noticed Natasha
  1179 | D:2      | Killed Natasha
  1179 | D:2      | Reached skill level 5 in Shields
  1469 | D:3      | Reached skill level 1 in Dodging
  1680 | D:3      | Reached XP level 7. HP: 30/60 MP: 7/7
  1831 | D:4      | HP: 3/60 [ogre/giant spiked club (8)]
  1834 | D:4      | Slain by an ogre

Skill      XL: |  1  2  3  4  5  6 |
---------------+-------------------+-----
Fighting       | 4 |  4.8
Short Blades   | 3 4 |  4.6
Armour         | 4 |  4.9
Shields        | 4 5 |  5.2
Dodging        | 1 |  1.4
Stealth        | |  0.1

Action                   |  1- 3 |  4- 6 |  7- 9 || total
-------------------------+-------+-------+-------++-------
Melee: Rapier            |    78 |   189 |    59 ||   326
  Use: Scroll            |     1 |     1 |       ||     2
       Potion            |     1 |       |       ||     1
  Eat: Bread ration      |       |     1 |       ||     1
       Royal jelly       |       |     1 |       ||     1
Armor: Scale mail        |    28 |    52 |    13 ||    93
Dodge: Dodged            |    18 |    40 |    17 ||    75
Block: Shield            |    33 |    97 |    28 ||   158
